 Dungeon Crawl Stone Soup version 0.27.1-33-g824d729ab1 (webtiles) character file.

Game seed: 8126944663053692153

69 djsenpai the Shield-Bearer (level 4, -4/28 HPs)
             Began as a Gargoyle Fighter on Dec 11, 2021.
             Was a Believer of Zin.
             Slain by Crazy Yiuf (5 damage)
             ... on level 2 of the Dungeon.
             The game lasted 00:11:15 (2130 turns).

djsenpai the Shield-Bearer (Gargoyle Fighter)       Turns: 2130, Time: 00:11:16

Health: -4/28      AC: 10    Str: 20    XL:     4   Next: 20%
Magic:  4/4        EV:  7    Int:  9    God:    Zin [**....]
Gold:   23         SH:  9    Dex:  9    Spells: 3/3 levels left

rFire    . . .     SeeInvis .   a - +0 flail
rCold    . . .     Faith    .   c - +0 kite shield
rNeg     + . .     Spirit   .   b - +0 scale mail
rPois    ∞         Reflect  .   (no helmet)
rElec    +         Harm     .   (no cloak)
rCorr    .         Rampage  .   (no gloves)
Will     .....                  (no boots)
Stlth    ..........             f - amulet of magic regeneration
HPRegen  0.09/turn              (no ring)
MPRegen  0.34/turn              (no ring)

@: attractive, hasted, very quick
A: sickness immunity, AC +3, negative energy resistance 1, electricity
resistance, torment resistance 1, petrification resistance
a: Renounce Religion, Recite, Vitalisation, Donate Gold


You were on level 2 of the Dungeon.
You worshipped Zin.
Zin was pleased with you.
You visited 1 branch of the dungeon, and saw 2 of its levels.

You collected 82 gold pieces.
You donated 59 gold pieces to Zin.

Inventory:

Hand Weapons
 a - a +0 flail (weapon)
Armour
 b - a +0 scale mail (worn)
 c - a +0 kite shield (worn)
Jewellery
 f - an amulet of magic regeneration (around neck)
Scrolls
 i - 2 scrolls of amnesia {unknown}
 j - 2 scrolls of identify {unknown}
 k - a scroll of teleportation {unknown}
Potions
 d - 2 potions of might
 e - a potion of mutation {unknown}
 g - a potion of curing {unknown}
 h - 2 potions of heal wounds {unknown}
 l - a potion of resistance {unknown}


   Skills:
 + Level 3.4 Fighting
 + Level 3.1 Maces & Flails
 + Level 3.8 Armour
 + Level 0.7 Dodging
 + Level 3.8 Shields


You had 3 spell levels left.
You didn't know any spells.
Your spell library contained the following spells:

 Spells                   Type           Power      Damage    Failure   Level
 Beastly Appendage        Tmut           0%         N/A       99%         1
 Wereblood                Tmut           0%         N/A       100%        2
 Spider Form              Tmut/Pois      0%         N/A       100%        3


Dungeon Overview and Level Annotations

Branches:
Dungeon (2/15)

Altars:
Zin

Annotations:
D:2 Crazy Yiuf


Innate Abilities, Weirdness & Mutations

You are immune to sickness and miasma.
Your stone body is resilient. (AC +3)
You are immune to poison.
You resist negative energy. (rN+)
You are resistant to electric shocks. (rElec)
You are resistant to unholy torment.
You are immune to petrification.


Message History

You block Crazy Yiuf's attack.
You hit Crazy Yiuf but do no damage.
Crazy Yiuf is lightly wounded.
Crazy Yiuf barely misses you.
You hit Crazy Yiuf but do no damage.
Crazy Yiuf is lightly wounded.
You block Crazy Yiuf's attack.
Crazy Yiuf hits you with a +4 quarterstaff of chaos.
Crazy Yiuf freezes you.
You hit Crazy Yiuf.
Crazy Yiuf is moderately wounded.
Crazy Yiuf barely misses you.
You closely miss Crazy Yiuf.
Crazy Yiuf is moderately wounded.
Crazy Yiuf hits you but does no damage.
You blink.
Crazy Yiuf screams, "Whippet mobile bush!"
You block Crazy Yiuf's attack.
Crazy Yiuf yells, "Mama!"
You barely miss Crazy Yiuf.
Crazy Yiuf is moderately wounded.
Crazy Yiuf hits you with a +4 quarterstaff of chaos!
You barely miss Crazy Yiuf.
Crazy Yiuf is moderately wounded.
Crazy Yiuf hits you with a +4 quarterstaff of chaos!
You feel yourself speed up.
Crazy Yiuf says, "Lugonu canine pontify!"
Crazy Yiuf hits you with a +4 quarterstaff of chaos!
* * * LOW HITPOINT WARNING * * *
You resist with some effort.
Press: ? - help, v - describe, . - travel
Here: Crazy Yiuf, wielding a +4 quarterstaff of chaos and wearing a +2 cloak of stealth (moderately wounded)
The floor.
Okay, then.
It was a potion of attraction.
You feel attractive to monsters.
You sock Crazy Yiuf!
Crazy Yiuf is severely wounded.
Crazy Yiuf hits you with a +4 quarterstaff of chaos.
You die...

##............####
#.# ######.#......#
#.# .# #.....(..#
#.# .# ##########
#.# .# ### .#
###♣♣♣♣♣ .#
##.#..♣.♣♣♣#####
.###......♣..♣#...#
.##....PP♣♣♣♣.'g@.#
......#P♣♣ ♣♣#..)#
#######♣♣ #####
####.# .....#
.....# ######


You could see Crazy Yiuf.

Vanquished Creatures
  An adder (D:2)
  A gnoll (D:1)
  A worm (D:2)
  A dart slug (D:2)
  4 bats
  4 endoplasms
  8 giant cockroaches
  2 goblins
  A hobgoblin (D:2)
  3 kobolds
  4 quokkas (D:1)
  6 ball pythons
  2 frilled lizards
  2 rats (D:1)
40 creatures vanquished.

Vanquished Creatures (others)
  6 fungi (D:1)
  13 plants (D:1)
19 creatures vanquished.

Grand Total: 59 creatures vanquished

Notes
Turn   | Place    | Note
-------+----------+-------------------------------------------
     0 | D:1      | djsenpai the Gargoyle Fighter began the quest for the Orb.
     0 | D:1      | Reached XP level 1. HP: 14/14 MP: 1/1
   230 | D:1      | Reached XP level 2. HP: 19/19 MP: 2/2
   595 | D:1      | Found a faded altar of an unknown god.
   675 | D:1      | Became a worshipper of Zin the Law-Giver
   675 | D:1      | Reached * piety under Zin
   905 | D:1      | Reached XP level 3. HP: 23/23 MP: 3/3
   958 | D:1      | Reached ** piety under Zin
  1199 | D:1      | Donated 34 gold pieces to Zin
  1220 | D:1      | Donated 17 gold pieces to Zin
  1522 | D:2      | Reached XP level 4. HP: 28/28 MP: 4/4
  1928 | D:2      | Found a runed translucent door.
  1929 | D:2      | Noticed Crazy Yiuf
  2128 | D:2      | HP: 1/28 [Crazy Yiuf (8)]
  2130 | D:2      | Slain by Crazy Yiuf

Illustrated notes

Levels and vault maps discovered:
D:1:      saegor_arrival_simple_d, layout_loops_ring,
          shapermc_ecumenical_altar_mp_ritualfount, minmay_pentomino_p4
D:2:      layout_loops_ring, uniq_crazy_yiuf_cottage

Skill      XL: |  1  2  3 |
---------------+----------+-----
Maces & Flails | 3 |  3.1
Fighting       | |  3.4
Armour         | |  3.8
Dodging        | |  0.7
Shields        | |  3.8

Action                   |  1- 3 |  4- 6 || total
-------------------------+-------+-------++-------
Melee: Flail             |   173 |    51 ||   224
Invok: Donate Gold       |     2 |       ||     2
  Use: Potion            |       |     1 ||     1
Armor: Scale mail        |    55 |    36 ||    91
Dodge: Dodged            |    38 |    21 ||    59
Block: Kite shield       |    71 |    38 ||   109
